[ AOE2 MATCH · #505320609 ]
UnrankedAztecs vs Persians
Player's team · LOSS
Rival team · WIN
[ REPLAY ANALYSIS · EXTRACTED FROM THE RECORDED GAME ]
Feudal
9:49
Castle
—
Imperial
—
| APM avg | 51.5 |
| APM peak | 100 |
| eAPM avg | 15.4 |
| Villagers / military | 39 / 9 |
Focus
⚔️ 9.7% · 🌾 90.3%
Militia ×9
Feudal
10:19
Castle
—
Imperial
—
| APM avg | 29.8 |
| APM peak | 48 |
| eAPM avg | 16.5 |
| Villagers / military | 34 / 1 |
Focus
⚔️ 27.8% · 🌾 72.2%
Archer ×1
Match map
Initial resources + every placement click. Lines = walls · curves = elevation contours. ◆ gold · ⬟ stone · ● berries · ✦ relic · ◌ wall gap
Your base· Open — unwalled flank
El kaiser's base· Open — unwalled flank
Smoothed initial terrain · ◌ = detected wall gap · hover for details
Inputs per minute
— SoiledFool - - El kaiser
Build order — SoiledFool
91 actions detected in the replay
| 0:00 | Queue | Villager (Male) |
| 0:02 | Build | House |
| 0:03 | Build | House |
| 0:07 | Queue | Villager (Male) |
| 0:07 | Queue | Villager (Male) |
| 0:07 | Queue | Villager (Male) |
| 1:23 | Queue | Villager (Male) |
| 1:24 | Queue | Villager (Male) |
| 1:24 | Queue | Villager (Male) |
| 1:45 | Build | Lumber Camp |
| 2:19 | Queue | Villager (Male) |
| 2:20 | Queue | Villager (Male) |
| 2:20 | Queue | Villager (Male) |
| 2:52 | Queue | Villager (Male) |
| 2:52 | Queue | Villager (Male) |
| 2:52 | Queue | Villager (Male) |
| 2:52 | Queue | Villager (Male) |
| 3:11 | Queue | Villager (Male) |
| 3:11 | Queue | Villager (Male) |
| 3:37 | Queue | Villager (Male) |
| 3:37 | Queue | Villager (Male) |
| 3:37 | Queue | Villager (Male) |
| 3:46 | Build | House |
| 4:12 | Queue | Villager (Male) |
| 4:12 | Queue | Villager (Male) |
| 4:17 | Build | House |
| 4:33 | Queue | Villager (Male) |
| 4:33 | Queue | Villager (Male) |
| 5:21 | Queue | Villager (Male) |
| 5:21 | Queue | Villager (Male) |
| 5:36 | Queue | Villager (Male) |
| 6:06 | Build | Barracks |
| 6:19 | Queue | Villager (Male) |
| 7:09 | Research | Loom |
| 7:39 | Research | Feudal Age |
| 7:39 | Research | Feudal Age |
| 7:52 | Build | Mining Camp |
| 8:02 | Queue | Militia |
| 8:02 | Queue | Militia |
| 8:03 | Queue | Militia |
| 8:17 | Queue | Militia |
| 8:17 | Queue | Militia |
| 8:22 | Build | House |
| 8:23 | Build | House |
| 8:27 | Queue | Villager (Male) |
| 9:21 | Build | Mill |
| 9:49 | Age | Feudal Age |
| 10:02 | Research | Man-at-Arms (upgrade) |
| 10:06 | Build | House |
| 10:08 | Build | House |
| 10:24 | Build | Palisade Wall |
| 10:26 | Build | Palisade Gate |
| 10:45 | Queue | Militia |
| 10:46 | Queue | Militia |
| 10:50 | Build | House |
| 11:37 | Build | Palisade Wall |
| 11:40 | Queue | Militia |
| 11:40 | Queue | Militia |
| 12:03 | Build | Archery Range |
| 12:23 | Build | House |
| 12:31 | Queue | Villager (Male) |
| 12:32 | Queue | Villager (Male) |
| 12:34 | Build | Mining Camp |
| 13:19 | Research | Double-Bit Axe |
| 13:28 | Build | Watch Tower |
| 13:36 | Build | House |
| 13:51 | Queue | Villager (Male) |
| 13:52 | Queue | Villager (Male) |
| 13:52 | Queue | Villager (Male) |
| 13:59 | Build | House |
| 14:27 | Build | House |
| 14:29 | Build | House |
| 14:32 | Build | Palisade Wall |
| 14:39 | Queue | Villager (Male) |
| 14:40 | Queue | Villager (Male) |
| 14:47 | Build | Palisade Wall |
| 15:41 | Queue | Villager (Male) |
| 15:41 | Queue | Villager (Male) |
| 16:13 | Build | Mining Camp |
| 16:17 | Build | Farm |
| 16:17 | Build | Farm |
| 16:17 | Build | Farm |
| 16:18 | Build | Farm |
| 16:24 | Build | Farm |
| 16:24 | Build | Farm |
| 16:25 | Build | Farm |
| 16:50 | Build | House |
| 16:53 | Build | House |
| 17:01 | Build | House |
| 17:05 | Queue | Villager (Male) |
| 17:05 | Queue | Villager (Male) |
Build order — El kaiser
91 actions detected in the replay
| 0:02 | Queue | Villager (Male) |
| 0:02 | Queue | Villager (Male) |
| 0:03 | Build | House |
| 0:05 | Build | House |
| 0:28 | Queue | Villager (Male) |
| 0:49 | Queue | Villager (Male) |
| 1:14 | Queue | Villager (Male) |
| 1:41 | Build | Lumber Camp |
| 1:52 | Queue | Villager (Male) |
| 2:03 | Queue | Villager (Male) |
| 2:24 | Queue | Villager (Male) |
| 2:49 | Queue | Villager (Male) |
| 3:14 | Queue | Villager (Male) |
| 3:17 | Build | House |
| 3:32 | Queue | Villager (Male) |
| 3:46 | Build | Mill |
| 3:52 | Build | House |
| 3:56 | Build | Palisade Wall |
| 3:58 | Build | Palisade Wall |
| 4:01 | Queue | Villager (Male) |
| 4:23 | Queue | Villager (Male) |
| 4:57 | Queue | Villager (Male) |
| 5:27 | Queue | Villager (Male) |
| 6:00 | Queue | Villager (Male) |
| 6:01 | Research | Loom |
| 6:58 | Queue | Villager (Male) |
| 6:58 | Queue | Villager (Male) |
| 7:08 | Build | Palisade Wall |
| 8:15 | Research | Feudal Age |
| 9:05 | Queue | Villager (Male) |
| 9:12 | Build | House |
| 9:14 | Build | House |
| 10:19 | Age | Feudal Age |
| 10:31 | Build | Mining Camp |
| 10:33 | Queue | Villager (Male) |
| 10:59 | Build | Watch Tower |
| 11:24 | Build | Mining Camp |
| 11:24 | Queue | Villager (Male) |
| 11:27 | Queue | Villager (Male) |
| 11:33 | Build | Palisade Wall |
| 11:36 | Build | Palisade Wall |
| 12:04 | Build | Palisade Gate |
| 12:36 | Build | Watch Tower |
| 12:44 | Queue | Villager (Male) |
| 12:54 | Build | Palisade Wall |
| 12:55 | Build | Palisade Wall |
| 13:01 | Queue | Villager (Male) |
| 13:58 | Queue | Villager (Male) |
| 13:59 | Queue | Villager (Male) |
| 14:15 | Build | Watch Tower |
| 14:50 | Build | Barracks |
| 15:03 | Queue | Villager (Male) |
| 15:12 | Build | Watch Tower |
| 15:16 | Build | Palisade Gate |
| 15:24 | Queue | Villager (Male) |
| 15:34 | Build | Archery Range |
| 15:43 | Build | Lumber Camp |
| 16:27 | Queue | Archer |
| 16:42 | Build | Farm |
| 16:43 | Build | Farm |
| 16:44 | Build | Farm |
| 16:46 | Build | Farm |
| 16:46 | Queue | Villager (Male) |
| 16:52 | Build | Farm |
| 16:53 | Build | Farm |
| 16:54 | Build | Farm |
| 16:55 | Build | Farm |
| 16:59 | Build | Farm |
| 17:31 | Build | Watch Tower |
| 17:49 | Build | Market |
| 17:53 | Queue | Villager (Male) |
| 18:47 | Queue | Villager (Male) |
| 18:50 | Build | Mining Camp |
| 18:51 | Queue | Villager (Male) |
| 18:55 | Build | House |
| 18:56 | Build | House |
| 19:17 | Build | Watch Tower |
| 19:18 | Build | Palisade Wall |
| 19:18 | Build | Palisade Wall |
| 19:19 | Build | Palisade Wall |
| 19:20 | Build | Palisade Wall |
| 19:22 | Build | Palisade Wall |
| 19:23 | Build | Palisade Wall |
| 19:30 | Queue | Villager (Male) |
| 19:30 | Queue | Villager (Male) |
| 19:39 | Build | Watch Tower |
| 19:40 | Build | Palisade Wall |
| 19:41 | Build | Palisade Wall |
| 19:41 | Build | Palisade Wall |
| 19:42 | Build | Palisade Wall |
| 19:42 | Build | Palisade Wall |
Match timeline
| 3:56 | El kaiser · wall_segment Palisade Wall x5 |
| 3:58 | El kaiser · wall_segment Palisade Wall x7 |
| 6:06 | SoiledFool · first_building Barracks |
| 7:08 | El kaiser · wall_segment Palisade Wall x5 |
| 9:49 | SoiledFool · age_up feudal |
| 10:19 | El kaiser · age_up feudal |
| 10:24 | SoiledFool · wall_segment Palisade Wall x10 |
| 11:33 | El kaiser · wall_segment Palisade Wall x8 |
| 11:36 | El kaiser · wall_segment Palisade Wall x13 |
| 11:37 | SoiledFool · wall_segment Palisade Wall x2 |
| 12:03 | SoiledFool · first_building Archery Range |
| 12:54 | El kaiser · wall_segment Palisade Wall x19 |
| 12:55 | El kaiser · wall_segment Palisade Wall x1 |
| 14:32 | SoiledFool · wall_segment Palisade Wall x8 |
| 14:47 | SoiledFool · wall_segment Palisade Wall x11 |
| 14:50 | El kaiser · first_building Barracks |
| 15:34 | El kaiser · first_building Archery Range |
| 19:18 | El kaiser · wall_segment Palisade Wall x1 |
| 19:18 | El kaiser · wall_segment Palisade Wall x1 |
| 19:19 | El kaiser · wall_segment Palisade Wall x1 |
| 19:20 | El kaiser · wall_segment Palisade Wall x1 |
| 19:22 | El kaiser · wall_segment Palisade Wall x1 |
| 19:23 | El kaiser · wall_segment Palisade Wall x1 |
| 19:40 | El kaiser · wall_segment Palisade Wall x1 |
| 19:41 | El kaiser · wall_segment Palisade Wall x1 |
| 19:41 | El kaiser · wall_segment Palisade Wall x1 |
| 19:42 | El kaiser · wall_segment Palisade Wall x1 |
| 19:42 | El kaiser · wall_segment Palisade Wall x1 |
| 20:01 | SoiledFool · resign |
[ AI ANALYSIS · 1 CREDIT ]
What really happened in this match?
Wolo.gg analyzes every decision: build order, eco, micro, common mistakes by bracket. Personalized analysis on WhatsApp or Discord in 30 seconds.
Civ guide
Aztecs
Perfil
Jugador #1192148